MID
LAKEWOOD BLUECLAWS @ BINGHAMTON METS
07/20/2047
 
TOP OF THE 1ST
Lakewood BlueClaws batting - Pitching for Binghamton Mets : RHP Chris Spice
Pitching: RHP Chris Spice
Batting: LHB Ignacio Bernal 0-0: Ball
1-0: Foul Ball, location: 2F
1-1: Ball
2-1: Ball
3-1: Base on Balls
Batting: RHB Alex Vazquez 0-0: Ball
1-0: Called Strike
1-1: Foul Ball, location: 2F
1-2: Fielders Choice at 2nd, 4-6 (Groundball, 4M, EV 81.3 MPH)
Batting: RHB Santiago Paredes 0-0: Ball
1-0: Foul Ball, location: 2F
1-1: Foul Ball, location: 2F
1-2: Foul Ball, location: 2F
1-2: Ball
2-2: Foul Ball, location: 2F
2-2: Ball
3-2: Fly out, F7 (Flyball, 78XD, EV 97.5 MPH)
Runner from 1st tags up, SAFE at 2nd
Batting: LHB Lance Whitman 0-0: Called Strike
0-1: Called Strike
0-2: Ground out 4-3 (Groundball, 4, EV 103.1 MPH)
Top of the 1st over - 0 runs, 0 hits, 0 errors, 1 left on base; Lakewood 0 - Binghamton 0
BOTTOM OF THE 1ST
Binghamton Mets batting - Pitching for Lakewood BlueClaws : RHP Rodolfo Paiz
Pitching: RHP Rodolfo Paiz
Batting: SHB Scott Scott 0-0: Ball
1-0: SINGLE (Line Drive, 34D, EV 100.0 MPH)
Batting: RHB Tom Wegner 0-0: Called Strike
0-1: Foul Ball, location: 2F
0-2: Ball
1-2: Ball
2-2: Foul Ball, location: 2F
2-2: Foul Ball, location: 2F
2-2: Ball
3-2: Ground out 6-3 (Groundball, 6S, EV 63.8 MPH)
Scott Scott to second
Batting: RHB Cesar Chavez 0-0: Ball
1-0: Foul Ball, location: 2F
1-1: Fly out, F8 (Line Drive, 8LD, EV 93.8 MPH)
Batting: LHB Victor Velazquez 0-0: Ball
1-0: Ground out U3 (Groundball, 3, EV 84.4 MPH)
Bottom of the 1st over - 0 runs, 1 hit, 0 errors, 1 left on base; Lakewood 0 - Binghamton 0
TOP OF THE 2ND
Lakewood BlueClaws batting - Pitching for Binghamton Mets : RHP Chris Spice
Batting: RHB Hayden Williams 0-0: Called Strike
0-1: Swinging Strike
0-2: Ball
1-2: Strikes out swinging
Batting: RHB Bobby Arteaga 0-0: Ball
1-0: Ground out 3-1 (Groundball, 34S, EV 83.1 MPH)
Batting: RHB Joe Davis 0-0: Ball
1-0: SINGLE (Groundball, 56D, EV 102.5 MPH) (infield hit)
Batting: RHB Jose Roque 0-0: Ball
1-0: Called Strike
1-1: Ball
2-1: Ball
3-1: SINGLE (Flyball, 6D, EV 81.9 MPH)
Joe Davis to second
Batting: RHB Rodolfo Paiz 0-0: Ball
1-0: Fly out, F8 (Flyball, 8RM, EV 92.5 MPH)
Top of the 2nd over - 0 runs, 2 hits, 0 errors, 2 left on base; Lakewood 0 - Binghamton 0
BOTTOM OF THE 2ND
Binghamton Mets batting - Pitching for Lakewood BlueClaws : RHP Rodolfo Paiz
Batting: RHB Roberto Lemus 0-0: Called Strike
0-1: Foul Ball, location: 2F
0-2: Strikes out swinging
Batting: RHB Justin Walker 0-0: Ground out 6-3 (Groundball, 6, EV 105.6 MPH)
Batting: RHB Hector Santillan 0-0: Foul Ball, location: 2F
0-1: Ground out 6-3 (Groundball, 6, EV 83.8 MPH)
Bottom of the 2nd over - 0 runs, 0 hits, 0 errors, 0 left on base; Lakewood 0 - Binghamton 0
TOP OF THE 3RD
Lakewood BlueClaws batting - Pitching for Binghamton Mets : RHP Chris Spice
Batting: LHB Ignacio Bernal 0-0: Ball
1-0: Ball
2-0: Ball
3-0: Called Strike
3-1: Ground out 4-3 (Groundball, 34, EV 90.0 MPH)
Batting: RHB Alex Vazquez 0-0: SINGLE (Line Drive, 7S, EV 92.5 MPH)
Batting: RHB Santiago Paredes 0-0: Ball
1-0: Ball
2-0: Foul Ball, location: 2F
2-1: Foul Ball, location: 2F
2-2: Ball
3-2: Foul Ball, location: 2F
3-2: Ground out 6-3 (Groundball, 6, EV 92.5 MPH)
Alex Vazquez to second
Batting: LHB Lance Whitman 0-0: Called Strike
0-1: Ball
1-1: Ball
2-1: Foul Ball, location: 2F
2-2: Ball
3-2: Fly out, F4 (Line Drive, 4, EV 72.5 MPH)
Top of the 3rd over - 0 runs, 1 hit, 0 errors, 1 left on base; Lakewood 0 - Binghamton 0
BOTTOM OF THE 3RD
Binghamton Mets batting - Pitching for Lakewood BlueClaws : RHP Rodolfo Paiz
Batting: RHB Roberto Luis 0-0: Ball
1-0: Ground out 6-3 (Groundball, 6D, EV 95.6 MPH)
Batting: RHB Chris Spice 0-0: Ball
1-0: Ball
2-0: Ball
3-0: Base on Balls
Batting: SHB Scott Scott 0-0: Called Strike
0-1: Ball
1-1: Ball
2-1: Grounds into double play, 5-4-3 (Groundball, 56S, EV 91.9 MPH)
Bottom of the 3rd over - 0 runs, 0 hits, 0 errors, 0 left on base; Lakewood 0 - Binghamton 0
TOP OF THE 4TH
Lakewood BlueClaws batting - Pitching for Binghamton Mets : RHP Chris Spice
Batting: RHB Hayden Williams 0-0: Ball
1-0: Foul Ball, location: 2F
1-1: Swinging Strike
1-2: Strikes out looking
Batting: RHB Bobby Arteaga 0-0: Swinging Strike
0-1: Swinging Strike
0-2: Ball
1-2: Foul Ball, location: 2F
1-2: Ball
2-2: Strikes out swinging
Batting: RHB Joe Davis 0-0: Foul Ball, location: 2F
0-1: Ball
1-1: Ball
2-1: Ball
3-1: Base on Balls
Batting: RHB Jose Roque 0-0: Called Strike
0-1: Ball
1-1: Foul Ball, location: 2F
1-2: Foul Ball, location: 2F
1-2: Foul Ball, location: 2F
1-2: Strikes out swinging
Top of the 4th over - 0 runs, 0 hits, 0 errors, 1 left on base; Lakewood 0 - Binghamton 0
BOTTOM OF THE 4TH
Binghamton Mets batting - Pitching for Lakewood BlueClaws : RHP Rodolfo Paiz
Batting: RHB Tom Wegner 0-0: Ball
1-0: Swinging Strike
1-1: DOUBLE (Line Drive, 9LS, EV 109.4 MPH)
Batting: RHB Cesar Chavez 0-0: Ground out 6-3 (Groundball, 6, EV 80.0 MPH)
Tom Wegner to third
Batting: LHB Victor Velazquez 0-0: SINGLE (Line Drive, 4D, EV 96.3 MPH)
Tom Wegner scores
Batting: RHB Roberto Lemus 0-0: Ball
1-0: Ball
2-0: Grounds into double play, 5-4-3 (Groundball, 15, EV 81.3 MPH)
Bottom of the 4th over - 1 run, 2 hits, 0 errors, 0 left on base; Lakewood 0 - Binghamton 1
TOP OF THE 5TH
Lakewood BlueClaws batting - Pitching for Binghamton Mets : RHP Chris Spice
Batting: RHB Rodolfo Paiz 0-0: Called Strike
0-1: Ball
1-1: Ball
2-1: Ground out 5-3 (Groundball, 56, EV 91.3 MPH)
Batting: LHB Ignacio Bernal 0-0: Foul Ball, location: 2F
0-1: Ball
1-1: DOUBLE (Groundball, 3L, EV 94.4 MPH)
Batting: RHB Alex Vazquez 0-0: Called Strike
0-1: Ball
1-1: Called Strike
1-2: Strikes out looking
Batting: RHB Santiago Paredes 0-0: Ball
1-0: Called Strike
1-1: Ball
2-1: Foul Ball, location: 2F
2-2: Ball
3-2: Foul Ball, location: 2F
3-2: Fly out, F8 (Flyball, 78M, EV 90.0 MPH)
Top of the 5th over - 0 runs, 1 hit, 0 errors, 1 left on base; Lakewood 0 - Binghamton 1
BOTTOM OF THE 5TH
Binghamton Mets batting - Pitching for Lakewood BlueClaws : RHP Rodolfo Paiz
Batting: RHB Justin Walker 0-0: Hit by Pitch
Batting: RHB Hector Santillan 0-0: Ball
Justin Walker is caught stealing 2nd base 2-4
1-0: Foul Ball, location: 2F
1-1: Ground out 6-3 (Groundball, 6, EV 88.8 MPH)
Batting: RHB Roberto Luis 0-0: Foul Ball, location: 2F
0-1: Ball
1-1: Ground out U3 (Groundball, 34S, EV 86.9 MPH)
Bottom of the 5th over - 0 runs, 0 hits, 0 errors, 0 left on base; Lakewood 0 - Binghamton 1
TOP OF THE 6TH
Lakewood BlueClaws batting - Pitching for Binghamton Mets : RHP Chris Spice
Batting: LHB Lance Whitman 0-0: Ball
1-0: Foul Ball, location: 2F
1-1: Swinging Strike
1-2: Foul Ball, location: 2F
1-2: Fly out, F7 (Flyball, 7LM, EV 86.3 MPH)
Pitching: LHP Mario Pinto
Now in CF: Roger Abrego
Batting: RHB Hayden Williams 0-0: Called Strike
0-1: Ball
1-1: Swinging Strike
1-2: Ball
2-2: Strikes out looking
Batting: RHB Bobby Arteaga 0-0: Ball
1-0: Foul Ball, location: 2F
1-1: Ground out 5-3 (Groundball, 56S, EV 89.4 MPH)
Top of the 6th over - 0 runs, 0 hits, 0 errors, 0 left on base; Lakewood 0 - Binghamton 1
BOTTOM OF THE 6TH
Binghamton Mets batting - Pitching for Lakewood BlueClaws : RHP Rodolfo Paiz
Batting: RHB Roger Abrego 0-0: Foul Ball, location: 2F
0-1: Ball
1-1: Ball
2-1: Ball
3-1: Swinging Strike
3-2: Base on Balls
Batting: SHB Scott Scott 0-0: Called Strike
0-1: Called Strike
0-2: Foul Ball, location: 2F
0-2: Foul Ball, location: 2F
0-2: Foul Ball, location: 2F
0-2: Ball
1-2: Ball
2-2: Ball
3-2: Fly out, F3 (Line Drive, 3, EV 74.4 MPH)
Batting: RHB Tom Wegner 0-0: Ball
1-0: Ball
2-0: Ball
3-0: Base on Balls
Roger Abrego to second
Batting: RHB Cesar Chavez 0-0: Called Strike
0-1: Ball
1-1: Swinging Strike
1-2: Foul Ball, location: 2F
1-2: Fly out, F7 (Flyball, 7D, EV 101.3 MPH)
Runner from 2nd tags up, SAFE at 3rd, no throw by LF
Batting: LHB Victor Velazquez 0-0: Fly out, F8 (Line Drive, 8LD, EV 90.0 MPH)
Bottom of the 6th over - 0 runs, 0 hits, 0 errors, 2 left on base; Lakewood 0 - Binghamton 1
TOP OF THE 7TH
Lakewood BlueClaws batting - Pitching for Binghamton Mets : LHP Mario Pinto
Batting: RHB Joe Davis 0-0: Foul Ball, location: 2F
0-1: Ground out 3-1 (Groundball, 34S, EV 89.4 MPH)
Batting: RHB Jose Roque 0-0: Called Strike
0-1: Swinging Strike
0-2: Foul Ball, location: 2F
0-2: Strikes out swinging
Pinch Hitting: LHB Dave Rodriguez 0-0: Ball
1-0: Foul Ball, location: 2F
1-1: Ball
2-1: Ball
3-1: Ground out U3 (Groundball, 3, EV 106.3 MPH)
Top of the 7th over - 0 runs, 0 hits, 0 errors, 0 left on base; Lakewood 0 - Binghamton 1
BOTTOM OF THE 7TH
Binghamton Mets batting - Pitching for Lakewood BlueClaws : RHP Rodolfo Paiz
Pitching: RHP Armando Avila
Batting: RHB Roberto Lemus 0-0: Swinging Strike
0-1: SINGLE (Line Drive, 4MD, EV 94.4 MPH)
Batting: RHB Justin Walker 0-0: Called Strike
0-1: Fielders Choice at 2nd, 4-6 (Groundball, 4M, EV 96.9 MPH)
Batting: RHB Hector Santillan 0-0: Ball
1-0: Grounds into double play, 6-4-3 (Groundball, 56, EV 84.4 MPH)
Bottom of the 7th over - 0 runs, 1 hit, 0 errors, 0 left on base; Lakewood 0 - Binghamton 1
TOP OF THE 8TH
Lakewood BlueClaws batting - Pitching for Binghamton Mets : LHP Mario Pinto
Now at 1B: Ch'ak'iso Cheromei
Batting: LHB Ignacio Bernal 0-0: Ball
1-0: Ball
2-0: Ball
3-0: Called Strike
3-1: Foul Ball, location: 2F
3-2: Strikes out swinging
Batting: RHB Alex Vazquez 0-0: Called Strike
0-1: Ball
1-1: Foul Ball, location: 2F
1-2: Ground out 6-3 (Groundball, 6, EV 106.3 MPH)
Batting: RHB Santiago Paredes 0-0: Foul Ball, location: 2F
0-1: Ball
1-1: Called Strike
1-2: Ball
2-2: Fly out, F9 (Flyball, 89XD, EV 75.0 MPH)
Top of the 8th over - 0 runs, 0 hits, 0 errors, 0 left on base; Lakewood 0 - Binghamton 1
BOTTOM OF THE 8TH
Binghamton Mets batting - Pitching for Lakewood BlueClaws : RHP Armando Avila
Pinch Hitting: LHB Zach Goodner 0-0: Ground out 4-3 (Groundball, 4, EV 91.9 MPH)
Batting: RHB Roger Abrego 0-0: Swinging Strike
0-1: Swinging Strike
0-2: Ball
1-2: Foul Ball, location: 2F
1-2: Strikes out looking
Batting: SHB Scott Scott 0-0: Called Strike
0-1: Foul Ball, location: 2F
0-2: Ball
1-2: Fly out, F8 (Flyball, 8RD, EV 98.1 MPH)
Bottom of the 8th over - 0 runs, 0 hits, 0 errors, 0 left on base; Lakewood 0 - Binghamton 1
TOP OF THE 9TH
Lakewood BlueClaws batting - Pitching for Binghamton Mets : LHP Mario Pinto
Pitching: RHP Tyler Hooks
Batting: LHB Lance Whitman 0-0: Foul Ball, location: 2F
0-1: Fly out, F7 (Flyball, 78D, EV 83.1 MPH)
Batting: RHB Hayden Williams 0-0: Ball
1-0: Ground out 4-3 (Groundball, 4, EV 79.4 MPH)
Pinch Hitting: LHB Josh Kohl 0-0: Ball
1-0: Called Strike
1-1: Ball
2-1: Called Strike
2-2: Ball
3-2: Strikes out swinging
Top of the 9th over - 0 runs, 0 hits, 0 errors, 0 left on base; Lakewood 0 - Binghamton 1
Thursday, December 15th , 2022 - OOTP Baseball 23.9 Build 102